AoeStats
← Guld Hans

Arena

509170255Analyzed
2v2 RM · 6d ago on Sep 25, 2026· 73m 21s· 4 players
Game mode
Random Map
Map size
Medium (4 player)
Population
200
Speed
Normal
Resources
Standard
Victory
Conquest
Starting age
Dark Age
Ending age
Imperial Age
RankedLock teamsTeams togetherTeam positionsShared explorationLock speedFull tech treeHidden civsTurbo modeCheats
Victory
Defeat
🇩🇰 Turks · Denmark
1017
+14
🇩🇰 Franks · Denmark
1015
+14
🇳🇱 Mongols · Netherlands
982
-14
🇳🇱 Portuguese · Netherlands
982
-14
larsvdz
10:29 Feudal Age
14:56 Castle Age
14:38 Double-Bit Axe
14:39 Horse Collar
20:27 Heavy Plow
34:56 Fletching
35:17 Scale Barding Armor
35:24 Forging
38:39 Iron Casting
38:25 Chain Barding Armor
42:24 Imperial Age
41:42 Bloodlines
41:33 Husbandry
41:54 Fletching
42:05 Padded Archer Armor
44:01 Heavy Camel Rider
45:46 Blast Furnace
44:44 Bodkin Arrow
45:05 Leather Archer Armor
45:24 Thumb Ring
47:00 Chemistry
46:21 Ballistics
46:15 Fortified Wall
46:46 Conscription
53:29 Light Cavalry
61:14 Hussar
63:03 Nomads
66:08 Wheelbarrow
xXPUSSYxKILLERXx
11:33 Feudal Age
9:51 Loom
11:37 Feudal Age
15:56 Castle Age
15:12 Double-Bit Axe
23:15 Bow Saw
35:31 Imperial Age
33:30 Horse Collar
34:14 Scale Mail Armor
34:42 Forging
35:07 Heavy Plow
35:03 Pikeman
36:42 Chain Mail Armor
39:46 Chemistry
39:55 Two-Man Saw
42:14 Plate Mail Armor
48:36 Iron Casting
50:12 Halberdier
59:22 Arquebus
63:56 Blast Furnace
70:05 Crop Rotation
Guld Hans
10:56 Feudal Age
12:54 Loom
15:32 Castle Age
14:34 Double-Bit Axe
15:48 Town Watch
24:01 Bow Saw
23:33 Horse Collar
24:00 Stone Mining
25:27 Scale Barding Armor
26:18 Bloodlines
27:14 Chain Barding Armor
27:02 Husbandry
27:27 Forging
30:01 Iron Casting
33:31 Wheelbarrow
34:10 Gold Mining
37:13 Imperial Age
35:26 Heavy Plow
37:24 Hand Cart
37:11 Town Patrol
39:43 Gold Shaft Mining
40:18 Two-Man Saw
39:24 Artillery
41:44 Conscription
42:05 Plate Barding Armor
42:31 Blast Furnace
52:19 Masonry
52:09 Murder Holes
55:59 Heavy Camel Rider
58:09 Scale Mail Armor
61:06 Caravan
64:29 Capped Ram
67:02 Siege Ram
Tub$
4:53 Loom
10:21 Feudal Age
15:48 Castle Age
14:43 Double-Bit Axe
33:18 Bow Saw
34:45 Fletching
35:35 Elite Skirmisher
36:44 Gold Mining
37:06 Bodkin Arrow
45:31 Ballistics
46:27 Wheelbarrow
52:00 Imperial Age
49:53 Hand Cart
53:54 Chemistry
53:00 Husbandry
53:13 Padded Archer Armor
53:24 Forging
54:23 Conscription
55:58 Chivalry
57:51 Iron Casting
57:31 Leather Archer Armor
58:32 Scale Mail Armor
59:34 Blast Furnace
58:52 Siege Engineers
58:57 Man-at-Arms
59:38 Long Swordsman
60:20 Squires
60:06 Gambesons
60:10 Two-Handed Swordsman
60:50 Champion
63:41 Gambesons
64:22 Onager
69:57 Chain Mail Armor
69:48 Scale Barding Armor
70:00 Caravan
Connection lost

Rejoining the realm…

Still unreachable

The connection could not be restored.

Session expired

The server has moved on; the page needs a fresh start.